 Dungeon Crawl Stone Soup version 0.21-a0-522-ga8338f0 (webtiles) character file.

161 Dimo the Shooter (level 5, -3/42 HPs)
             Began as a Minotaur Hunter on Dec 6, 2017.
             Was an Initiate of Dithmenos.
             Slain by robertstho's ghost (13 damage)
             ... on level 3 of the Dungeon.
             The game lasted 00:06:56 (2980 turns).

Dimo the Shooter (Minotaur Hunter)                  Turns: 2980, Time: 00:06:57

Health: -3/42      AC:  6    Str: 17    XL:     5   Next: 18%
Magic:  3/3        EV: 10    Int:  8    God:    Dithmenos [......]
Gold:   76         SH:  0    Dex: 11    Spells: 4/4 levels left

rFire    . . .     SeeInvis +   i - +0 spear
rCold    . . .     Gourm    .   (no shield)
rNeg     . . .     Faith    .   k - +0 scale mail
rPois    +         Spirit   .   (helmet restricted)
rElec    .         Reflect  .   (no cloak)
rCorr    .         Harm     .   (no gloves)
MR       .....                  (no boots)
Stlth    ..........             (no amulet)
HPRegen  0.14/turn              (no ring)
MPRegen  0.08/turn              b - ring of see invisible

@: no status effects
A: retaliatory headbutt, horns 2, low mp 1, poison resistance, subdued magic 1
a: Renounce Religion


You were on level 3 of the Dungeon.
You worshipped Dithmenos.
Dithmenos was noncommittal.
You were not hungry.

You visited 1 branch of the dungeon, and saw 3 of its levels.

You collected 76 gold pieces.

Inventory:

Hand Weapons
 a - a +1 shortbow
 i - a +0 spear (weapon)
Missiles
 d - 13 arrows (quivered)
Armour
 c - a +0 leather armour
 k - a +0 scale mail (worn)
 t - a +0 chain mail
Jewellery
 b - a ring of see invisible (right hand)
Wands
 s - a wand of acid (9)
Scrolls
 g - a scroll of teleportation {unknown}
 h - 2 scrolls of remove curse {unknown}
 n - 3 scrolls of identify {unknown}
 o - a scroll of enchant weapon {unknown}
 q - a scroll of immolation {unknown}
Potions
 m - a potion of mutation
Comestibles
 f - 3 bread rations
 j - 2 chunks of flesh
 l - 4 royal jellies


   Skills:
 - Level 2.4 Fighting
 + Level 3.5 Polearms
 + Level 6.2 Bows
 - Level 2.1 Dodging
 - Level 0.7 Stealth


You had 4 spell levels left.
You didn't know any spells.

Dungeon Overview and Level Annotations

Branches:
Dungeon (3/15)

Altars:
Dithmenos

Annotations:
D:2 1 runed door
D:3 Sigmund; robertstho's ghost, amateur FoFi


Innate Abilities, Weirdness & Mutations

You reflexively headbutt those who attack you in melee.
You have a pair of horns on your head.
Your magical capacity is low. (-10% MP)
Your system is resistant to poisons. (rPois)
Your spells are a little easier to cast, but a little less powerful.


Message History

Firing (i - inventory):
d - 14 arrows (quivered)
Press: ? - help, Shift-Dir - straight line, f/p - robertstho's ghost
Aim: robertstho's ghost (moderately damaged)
You shoot an arrow.
The arrow barely misses robertstho's ghost.
Robertstho's ghost hits you.
Wield which item (- for none, * to show all)? (? for menu, Esc to quit)
i - a +0 spear (weapon)
Robertstho's ghost hits you but does no damage.
You hit robertstho's ghost but do no damage.
Robertstho's ghost is moderately damaged.
Robertstho's ghost hits you!
You hit robertstho's ghost.
Robertstho's ghost is moderately damaged.
Robertstho's ghost hits you!
* * * LOW HITPOINT WARNING * * *
Okay, then.
Robertstho's ghost barely misses you. Robertstho's ghost hits you!
You die...

##.# .. ...###.... #.... ....
###### #...##.... #....#
#.......## #....###........#
#######.....##(#..##..###
......'..@..(.(.........
#########.W.((##.#..###.##
#.......#.....##.#.......####
........'.....+..........)...
........#.....##.............
........################..#..
........# #..=.......)
#.......# #.######....
#.......# # ##..<


You could see robertstho's ghost.

Vanquished Creatures
  A bullfrog (D:3)
  3 adders (D:2)
  A worm (D:2)
  2 dart slugs (D:1)
  3 leopard geckos
  3 giant cockroaches
  11 hobgoblins
  7 jackals
  4 ball pythons
  6 bats
  A frilled lizard (D:2)
  7 goblins
  6 kobolds
  6 rats
61 creatures vanquished.

Notes
Turn   | Place    | Note
-------+----------+-------------------------------------------
     0 | D:1      | Dimo the Minotaur Hunter began the quest for the Orb.
     0 | D:1      | Reached XP level 1. HP: 18/18 MP: 0/0
   463 | D:1      | Reached XP level 2. HP: 11/25 MP: 1/1
   470 | D:1      | Reached skill level 5 in Bows
   974 | D:1      | Reached skill level 1 in Polearms
   991 | D:1      | Reached XP level 3. HP: 28/30 MP: 2/2
  1568 | D:2      | Found a shadowy altar of Dithmenos.
  1613 | D:2      | Reached XP level 4. HP: 27/37 MP: 3/3
  1903 | D:2      | Became a worshipper of Dithmenos the Shadowed
  2202 | D:2      | Found a runed door.
  2370 | D:3      | Noticed Sigmund
  2371 | D:3      | Gained mutation: Your spells are a little easier to cast, but a little less powerful. [potion of mutation]
  2371 | D:3      | Gained mutation: Your magical capacity is low. (-10% MP) [potion of mutation]
  2371 | D:3      | Gained mutation: Your system is resistant to poisons. (rPois) [potion of mutation]
  2777 | D:3      | Noticed a bullfrog
  2786 | D:3      | Killed a bullfrog
  2786 | D:3      | Reached skill level 6 in Bows
  2786 | D:3      | Reached XP level 5. HP: 17/42 MP: 3/3
  2968 | D:3      | Noticed robertstho's ghost (amateur FoFi)
  2980 | D:3      | Slain by robertstho's ghost

Vault maps used:
D:1:      nagdon_arrival_zigzag_paths, minmay_pentomino_s4
D:2:      nicolae_dithmenos_shadow_blocks, uniq_crazy_yiuf_cottage
D:3:      first_bread, uniq_sigmund, uniq_robin

Skill      XL: |  1  2  3  4 |
---------------+-------------+-----
Bows           | 5 6 |  6.2
Polearms       | 1 2 3 |  3.5
Fighting       | |  2.4
Dodging        | |  2.1
Stealth        | |  0.7

Action                   |  1- 3 |  4- 6 || total
-------------------------+-------+-------++-------
Melee: Short sword       |    46 |       ||    46
       Headbutt          |    18 |     6 ||    24
       Spear             |   118 |    57 ||   175
 Fire: Shortbow          |       |     7 ||     7
  Use: Potion            |       |     4 ||     4
  Eat: Chunk             |     2 |     5 ||     7
Armor: Leather armour    |    13 |       ||    13
       Scale mail        |    22 |    19 ||    41
Dodge: Dodged            |    73 |    29 ||   102

Table legend:
 A = Spawn XP
 B = Non-spawn XP
 C = Spawn XP percentage of total XP
 D = Spawn monster count
 E = Non-spawn monster count
 F = Spawn count percentage of total count
 G = Total turns spent on level
                    A         B        C        D         E        F      G
               +---------+---------+-------+---------+---------+-------+---------
         Total |       0 |     230 |   0.0 |       0 |      61 |   0.0 |  2980
               +---------+---------+-------+---------+---------+-------+---------
           D:1 |       0 |      61 |   0.0 |       0 |      35 |   0.0 |  1432
           D:2 |       0 |      68 |   0.0 |       0 |      17 |   0.0 |  1263
           D:3 |       0 |     101 |   0.0 |       0 |       9 |   0.0 |   285
               +---------+---------+-------+---------+---------+-------+---------
